 Dungeon Crawl Stone Soup version 0.17-a0-2073-gde5cdba (webtiles) character file.

21898 brucemayne the Severer (level 12, -4/94 HPs)
             Began as a Vine Stalker Berserker on Oct 15, 2015.
             Was a High Priest of Trog.
             Slain by a spriggan rider
             ... wielding a +0 spear
              (10 damage)
             ... on level 3 of the Swamp.
             The game lasted 00:38:36 (5173 turns).

brucemayne the Severer (Vine Stalker Berserker)     Turns: 5173, Time: 00:38:36

Health: -4/94      AC: 26    Str: 20    XL:     12   Next: 94%
Magic:  0/13       EV:  2    Int:  7    God:    Trog [*****.]
Gold:   366        SH:  7    Dex: 19    Spells: 0 memorised, 11 levels left

rFire  . . .     SeeInvis .     P - +4 broad axe of the Salmon {drain, rPois}
rCold  + . .     Clarity  .     (armour currently unavailable)
rNeg   + + +     SustAt   .     c - +1 buckler {reflect}
rPois  +         Gourm    .     (helmet currently unavailable)
rElec  .         Spirit   +     (cloak currently unavailable)
rCorr  .         Warding  .     (gloves currently unavailable)
rMut   +         NoTele   +     (boots currently unavailable)
MR     +++..                    q - amulet of resist mutation
Stlth  +.........               (no ring)
                                K - ring of protection from cold

@: exhausted, tree-form, silence, very slightly contaminated, regenerating,
hasted and slowed, extremely resistant to hostile enchantments, very unstealthy
A: (fangs 0), regeneration 3, magic shield, (antimagic bite), no device heal 3,
rot immunity
a: Renounce Religion


You were on level 3 of the Swamp.
You worshipped Trog.
Trog was extremely pleased with you.
You were near starving.
You were a tree.
You visited 4 branches of the dungeon, and saw 24 of its levels.

You collected 1161 gold pieces.
You spent 795 gold pieces at shops.

Inventory:

Hand Weapons
 p - a +1 antimagic battleaxe
 t - a +0 blowgun
 I - the +1 battleaxe "Nuliug Puras" {chop, Int-2 SInv Stlth+}
   (You bought it in a shop on level 4 of the Orcish Mines)

   It inflicts extra damage upon your enemies.
   It affects your intelligence (-2).
   It lets you see invisible.
   It makes you more stealthy.
 O - a +1 war axe of electrocution
 P - the +4 broad axe of the Salmon (weapon) {drain, rPois}
   (You bought it in a shop on level 4 of the Orcish Mines)

   A truly terrible weapon, it drains the life of those it strikes.
   It protects you from poison.
 Q - a +6 broad axe of draining
Armour
 a - a +2 shield
 c - a +1 buckler of reflection (worn)
 f - a +2 cloak (melded)
 j - a +0 pair of boots (melded)
 k - a +0 plate armour (melded)
 w - a +0 helmet (melded)
 x - a +0 pair of gloves (melded)
Jewellery
 q - an amulet of resist mutation (around neck)
 B - a +6 ring of intelligence
 C - an uncursed ring of wizardry
 K - a ring of protection from cold (left branch)
Wands
 d - a wand of lightning (0)
 n - a wand of fire (0)
 y - a wand of paralysis (15)
Scrolls
 h - 2 scrolls of fog
 E - a scroll of remove curse
 L - a scroll of enchant weapon
Potions
 b - a potion of mutation {unknown}
 e - a potion of berserk rage
 i - a potion of ambrosia
 l - a potion of brilliance {unknown}
 m - a potion of haste
 o - a potion of flight {unknown}
 r - a potion of lignification
 s - a potion of cure mutation {unknown}
 z - a potion of curing {unknown}
 A - 2 potions of might {unknown}
 G - a potion of agility {unknown}
 M - 3 potions of degeneration {unknown}
Comestibles
 g - 2 meat rations
 u - a bread ration
 F - a slice of pizza


   Skills:
 + Level 7.2 Fighting
 + Level 16.7 Axes
 - Level 3.0 Armour
 - Level 1.5 Dodging
 - Level 4.0 Shields


You had 11 spell levels left.
You didn't know any spells.

Dungeon Overview and Level Annotations

Branches:
Dungeon (11/15)            Temple (0/1) D:5            Lair (5/8) D:11
  Swamp (4/4) Lair:3          Orc (4/4) D:11            Elf (0/3) Orc:3
  Snake: Lair:3-6    Spider: Lair:3-6

Altars:
Dithmenos
Fedhas
Makhleb
Qazlal
Sif Muna
Zin
Beogh

Shops:
D:5 %   Orc:4 =((:

Annotations:
Lair:4 exclusion: oklob plant
Swamp:3 exclusion: downstairs
Orc:1 exclusion: downstairs
Orc:2 Urug
Orc:4 exclusion: oklob plant


Innate Abilities, Weirdness & Mutations

((You have razor-sharp teeth.))
You regenerate.
When hurt, damage is shared between your health and your magic reserves.
((Your bite disrupts and absorbs the magic of your enemies.))
Potions and wands cannot restore your health.
You are immune to rotting.


Message History

You don't have any such object.
Evoke which item? (* to show all) (? for menu, Esc to quit)
Okay, then.
Evoke which item? (* to show all) (? for menu, Esc to quit)
Zapping:
n - a wand of fire {zapped: 13} (will waste charges)
Press: ? - help, Shift-Dir - straight line Nothing appears to happen.
Something hits you!
* * * LOW HITPOINT WARNING * * *
Unknown command.
Evoke which item? (* to show all) (? for menu, Esc to quit)
Zapping:
d - a wand of lightning {zapped: 8} (will waste charges)
Press: ? - help, Shift-Dir - straight line Evoking this partially-identified wand wasted a few charges.
Something hits you.
* * * LOW HITPOINT WARNING * * *
Evoke which item? (* to show all) (? for menu, Esc to quit)
Zapping:
d - a wand of lightning {zapped: 10} (will waste charges)
Press: ? - help, Shift-Dir - straight line Nothing appears to happen.
Something hits you!
You die...

≈≈≈..≈≈≈....♣♣..≈≈.♣♣♣ *,<,******
≈≈≈≈....§≈≈≈.♣..≈≈≈..♣♣*≈≈,,≈≈***
≈≈≈≈≈..≈≈≈≈≈....≈≈≈≈..♣*≈≈≈,,,,**
.≈≈...≈.≈≈≈≈≈≈≈≈≈≈≈≈..♣*,,,,,≈≈,≈
..<.≈.≈♣≈≈≈≈≈≈≈≈≈≈≈≈.≈*,≈≈≈,,≈≈,*
♣♣♣♣♣.≈♣≈≈≈≈≈≈≈≈≈≈≈.♣*≈,≈≈≈≈,≈≈,*
* ♣♣♣♣≈.≈≈≈..≈≈≈≈♣♣*,,≈≈≈≈≈≈≈,*
** **♣..≈≈≈≈≈(≈≈≈.♣♣≈..≈≈≈≈≈≈≈,*
≈****≈♣♣♣≈.≈§.{.♣.≈..[..≈≈≈≈,,,≈*
,,**≈≈≈* ♣≈≈≈≈≈≈.≈.≈≈≈..≈≈≈,≈≈***
≈≈≈,≈≈,**♣.≈≈≈≈≈♣♣..≈≈..≈≈≈≈*** *
≈≈≈,,,,≈*♣.≈≈≈.♣♣*...≈..,≈,** ***
≈≈≈≈,≈***♣♣.≈≈.[≈*,$≈≈≈≈≈,≈* *,*
≈,≈≈≈** ♣♣....≈≈≈≈≈≈≈≈≈≈*** *≈,
,,≈≈≈≈* ♣..≈≈≈≈,≈.≈§≈,≈≈≈***≈≈
≈≈≈≈≈≈* ♣..≈≈≈.≈*♣≈.§*,,,≈**≈≈
,≈,,,,* **,,,,≈*≈*****≈,,≈≈≈,,


There were no monsters in sight!

Vanquished Creatures
  A hydra (D:11)
  2 orc high priests (Orc:4)
  4 orc knights (Orc:4)
  A hill giant (D:10)
  2 hornets
  A griffon (Lair:5)
  The ghost of Rayvis the Covert, a novice OpAs of Okawaru (D:7)
  4 orc sorcerers (Orc:4)
  Joseph (D:8)
  A torpor snail (Lair:4)
  3 black mambas
  4 spiny frogs
  A fire drake (Lair:3)
  2 trolls
  Grinder (D:6)
  A bog body (Swamp:3)
  Sigmund (D:4)
  4 spriggans
  6 yaks (D:11)
  A deep elf mage (D:11)
  2 basilisks (Lair:4)
  2 wyverns
  3 wolves (D:11)
  4 hippogriffs
  A warg (Orc:2)
  Menkaure (D:5)
  A hungry ghost (D:5)
  4 swamp worms
  3 water moccasins
  14 orc warriors
  4 insubstantial wisps (Swamp:1)
  The ghost of radek the Conjurer, an amateur DECj (D:3)
  4 wasps
  2 ice beasts
  A swamp drake (Swamp:3)
  8 ogres
  3 porcupines
  2 centaurs
  A sky beast (D:11)
  4 crocodiles
  A gnoll sergeant (D:8)
  6 giant frogs
  A scorpion (D:10)
  A crimson imp (D:6)
  3 electric eels (D:11)
  4 hounds (D:11)
  A jelly (D:8)
  A quasit (D:7)
  Ijyb (D:2)
  22 orc wizards
  3 worker ants
  15 orc priests
  A centaur skeleton (D:4)
  7 iguanas
  A giant frog skeleton (D:7)
  A hound zombie (D:8)
  7 adders
  6 gnolls (D:8)
  6 river rats (Lair:1)
  A shadow imp (D:11)
  An ooze (D:5)
  An adder skeleton (D:10)
  A worm (D:2)
  2 giant geckos
  87 orcs
  3 giant cockroaches
  4 goblins
  A hobgoblin (D:1)
  10 jackals
  2 giant newts (D:1)
  A kobold (D:1)
  A quokka (D:10)
  4 rats
314 creatures vanquished.

Vanquished Creatures (collateral kills)
  An orc high priest (Orc:4)
1 creature vanquished.

Vanquished Creatures (others)
  A hound (D:11)
  A plant (D:11)
2 creatures vanquished.

Grand Total: 317 creatures vanquished

Notes
Turn   | Place    | Note
--------------------------------------------------------------
     0 | D:1      | brucemayne the Vine Stalker Berserker began the quest for the Orb.
     0 | D:1      | Reached XP level 1. HP: 11/11 MP: 2/2
     4 | D:1      | Found a glowing silver altar of Zin.
   105 | D:2      | Reached skill level 3 in Axes
   114 | D:2      | Found a deep blue altar of Sif Muna.
   129 | D:2      | Reached XP level 2. HP: 16/16 MP: 3/3
   164 | D:2      | Noticed Ijyb
   179 | D:2      | Killed Ijyb
   179 | D:2      | Reached skill level 4 in Axes
   179 | D:2      | Reached XP level 3. HP: 11/19 MP: 4/4
   252 | D:3      | Noticed radek's ghost (amateur DECj)
   271 | D:3      | Killed radek's ghost
   271 | D:3      | Reached skill level 5 in Axes
   271 | D:3      | Reached XP level 4. HP: 20/23 MP: 5/5
   271 | D:3      | Reached XP level 5. HP: 23/27 MP: 6/6
   450 | D:4      | Noticed Sigmund
   471 | D:4      | Reached ** piety under Trog
   482 | D:4      | Killed Sigmund
   482 | D:4      | Reached skill level 6 in Axes
   482 | D:4      | Gained mutation: You heal very quickly. [Vine Stalker growth]
   482 | D:4      | Reached XP level 6. HP: 32/32 MP: 7/7
   528 | D:5      | Entered Level 5 of the Dungeon
   714 | D:5      | Reached skill level 7 in Axes
   714 | D:5      | Reached XP level 7. HP: 34/35 MP: 6/8
   755 | D:5      | Found Hyic's Food Emporium.
   755 | D:5      | Noticed a hungry ghost
   772 | D:5      | Noticed Menkaure
   783 | D:5      | Killed a hungry ghost
   785 | D:5      | Killed Menkaure
   785 | D:5      | Reached skill level 8 in Axes
   826 | D:5      | Found a staircase to the Ecumenical Temple.
  1033 | D:5      | Gained mutation: You have razor-sharp teeth. [Vine Stalker growth]
  1033 | D:5      | Reached XP level 8. HP: 17/39 MP: 9/9
  1132 | D:5      | Reached skill level 9 in Axes
  1247 | D:6      | Noticed Grinder
  1260 | D:6      | Killed Grinder
  1305 | D:7      | Noticed Rayvis's ghost (novice OpAs)
  1313 | D:7      | Killed Rayvis's ghost
  1313 | D:7      | Reached skill level 10 in Axes
  1313 | D:7      | Reached XP level 9. HP: 43/43 MP: 7/10
  1391 | D:7      | Reached skill level 11 in Axes
  1525 | D:8      | Reached *** piety under Trog
  1631 | D:8      | Noticed Joseph
  1705 | D:8      | Killed Joseph
  1756 | D:8      | Reached XP level 10. HP: 41/51 MP: 11/11
  1786 | D:8      | Found a blossoming altar of Fedhas.
  1791 | D:8      | Found a stormy altar of Qazlal.
  1808 | D:8      | Found a shadowy altar of Dithmenos.
  1824 | D:8      | Reached skill level 5 in Fighting
  1916 | D:10     | Entered Level 10 of the Dungeon
  1928 | D:10     | Reached **** piety under Trog
  1961 | D:10     | Reached skill level 12 in Axes
  2192 | D:11     | Found a staircase to the Lair.
  2239 | D:11     | Found a staircase to the Orcish Mines.
  2242 | D:11     | Noticed a six-headed hydra
  2264 | D:11     | Killed a seven-headed hydra
  2442 | Orc:1    | Entered Level 1 of the Orcish Mines
  2501 | Orc:2    | Noticed Urug
  2503 | Orc:2    | Noticed an orc sorcerer
  2718 | Orc:3    | Reached ***** piety under Trog
  2753 | Orc:3    | Reached skill level 13 in Axes
  2825 | Orc:3    | Found a staircase to the Elven Halls.
  2859 | Orc:4    | Entered Level 4 of the Orcish Mines
  3077 | Orc:3    | Reached XP level 11. HP: 58/58 MP: 12/12
  3086 | Orc:3    | Found a roughly hewn altar of Beogh.
  3144 | Orc:4    | Noticed an oklob plant
  3308 | Orc:4    | Noticed an orc sorcerer
  3315 | Orc:4    | Noticed an orc high priest
  3315 | Orc:4    | Noticed an orc knight
  3316 | Orc:4    | Noticed an orc high priest
  3322 | Orc:4    | Noticed a sun demon
  3329 | Orc:4    | Killed an orc high priest
  3347 | Orc:4    | Killed an orc knight
  3398 | Orc:4    | Killed an orc high priest
  3420 | Orc:4    | Noticed an orc knight
  3450 | Orc:4    | Killed an orc knight
  3487 | Orc:4    | Noticed an orc sorcerer
  3498 | Orc:4    | Killed an orc sorcerer
  3498 | Orc:4    | Reached skill level 14 in Axes
  3504 | Orc:4    | Noticed an orc knight
  3540 | Orc:4    | Killed an orc knight
  3568 | Orc:4    | Noticed an orc sorcerer
  3600 | Orc:4    | Killed an orc sorcerer
  3623 | Orc:4    | Noticed an orc high priest
  3634 | Orc:4    | Killed an orc high priest
  3680 | Orc:4    | Noticed an orc sorcerer
  3685 | Orc:4    | Noticed an orc knight
  3690 | Orc:4    | Killed an orc sorcerer
  3691 | Orc:4    | Noticed an ice devil
  3739 | Orc:4    | Killed an orc sorcerer
  3751 | Orc:4    | Killed an orc knight
  3812 | Orc:4    | Reached skill level 15 in Axes
  3814 | Orc:4    | Found Pyxzu's Book Emporium.
  3814 | Orc:4    | Found Xoirr's Jewellery Emporium.
  3845 | Orc:4    | Found Taes's Antique Weapon Boutique.
  3854 | Orc:4    | Found Ifeoppi's Antique Weapon Boutique.
  3886 | Orc:4    | Bought a polished battleaxe for 379 gold pieces
  3886 | Orc:4    | Identified the +1 battleaxe "Nuliug Puras" {chop, Int-2 SInv Stlth+} (You bought it in a shop on level 4 of the Orcish Mines)
  3895 | Orc:4    | Bought a steaming broad axe for 288 gold pieces
  3895 | Orc:4    | Identified the +4 broad axe of the Salmon {drain, rPois} (You bought it in a shop on level 4 of the Orcish Mines)
  3896 | Orc:4    | Bought a runed broad axe for 128 gold pieces
  4088 | D:10     | Noticed a hill giant
  4093 | D:10     | Killed a hill giant
  4093 | D:10     | Gained mutation: You regenerate. [Vine Stalker growth]
  4093 | D:10     | Reached XP level 12. HP: 44/63 MP: 13/13
  4222 | Lair:1   | Entered Level 1 of the Lair of Beasts
  4260 | Lair:1   | Identified a scroll of acquirement
  4397 | Lair:3   | Found a staircase to the Swamp.
  4414 | Lair:3   | Received a gift from Trog
  4464 | Swamp:1  | Entered Level 1 of the Swamp
  4506 | Lair:4   | Reached skill level 16 in Axes
  4698 | Lair:5   | Reached skill level 1 in Shields
  4871 | Swamp:1  | Found a burning altar of Makhleb.
  5032 | Swamp:4  | Entered Level 4 of the Swamp
  5032 | Swamp:4  | Noticed a four-headed hydra
  5033 | Swamp:4  | Noticed an alligator
  5172 | Swamp:3  | HP: 4/94 [something (5)]
  5173 | Swamp:3  | Slain by a spriggan rider

Vault maps used:
D:1:      sevenhm_arrival_forest_fort_small_6, nrook_mini_backslash
D:2:      nicolae_overflow_crystal_walls, ecumenical_altar_2,
          lemuel_another_geyser, uniq_crazy_yiuf_cottage, uniq_robin,
          uniq_jessica, uniq_iyjb
D:3:      portal_sewer_entry_f
D:4:      nicolae_overflow_quartered_altars, st_stairs_7, uniq_sigmund,
          uniq_edmund
D:5:      minmay_temple_entry_from_below_a, serial_shops,
          nicolae_shop_scaring_up_business, first_bread,
          kennysheep_small_square, uniq_menkaure
D:6:      nicolae_tso_carved_into_rock, uniq_grinder
D:7:      grunt_temple_overflow_order_and_chaos_1, grunt_ogre_cave
D:8:      grunt_temple_overflow_forces_of_nature,
          nicolae_dithmenos_shadow_blocks, uniq_joseph, uniq_prince_ribbit1
D:11:     erik_lair_island, serial_bayou_ford_a
Lair:2:   basic_altar, grunt_megastairs_5, lemuel_fruit_fields
Lair:3:   swamp_mist, enter_volcano_2, serial_bayou_shore_b
Lair:4:   lemuel_oklob_altar
Swamp:1:  basic_altar, infiniplex_staircase_pool
Swamp:2:  hangedman_swamp_ruin_wall, swamp_pool3, nicolae_swamp_rocky_clearing
Swamp:3:  evilmike_swamp_ruin_house_2
Swamp:4:  swamp_old_school
Orc:1:    basic_altar, uniq_harold
Orc:2:    uniq_urug
Orc:3:    basic_altar, nicolae_orc_pool_cavern
Orc:4:    st_orc_elflike, mines3_lemuel

Action                   |  1- 3 |  4- 6 |  7- 9 | 10-12 || total
-------------------------+-------+-------+-------+-------++-------
Melee: Hand axe          |    41 |    59 |    33 |       ||   133
       War axe           |       |       |   157 |   311 ||   468
       Broad axe         |       |       |       |   234 ||   234
Throw: Throwing net      |       |       |     2 |       ||     2
Invok: Berserk           |     2 |     2 |     7 |    12 ||    23
       Trog's Hand       |       |       |     5 |    11 ||    16
       Brothers in Arms  |       |       |       |     4 ||     4
Evoke: Wand              |       |       |       |    24 ||    24
  Use: Scroll            |       |       |     5 |    10 ||    15
       Potion            |       |       |       |     2 ||     2
 Stab: Sleeping          |     1 |       |       |       ||     1
       Held in net/web   |       |       |     2 |       ||     2
  Eat: Bread ration      |       |     1 |       |       ||     1
       Chunk             |       |       |    12 |    22 ||    34
       Meat ration       |       |       |     1 |       ||     1
       Beef jerky        |       |       |       |     1 ||     1
       Pizza             |       |       |       |     1 ||     1
